Cogmind - Beta 14 @@@ ROGUE MODE // 2024.12.13 @ 21:13:31 Player: 5taquitos Result: Destroyed by G-67 Veteran with Plasma Rifle Performance ------------- Evolutions (4) 2000 Regions Visited (6) 1200 Robots Destroyed (124) 620 Value Destroyed (3673) 3673 Prototype IDs (6) 120 Alien Tech Used (0) 0 Bonus (810) 810 TOTAL SCORE: 8423 Bonus ------- High Alert Combat Kills 310 Entered DSFs 500 Cogmind --------- Core Integrity 0/850 Matter 234/300 Energy 93/160 System Corruption 2% Temperature Cool (0) Movement Core (100) Ox1 Location -6/DSF Parts ------- > --- POWER (2) -------- Light Nuclear Core > --- PROPULSION (4) --- (None) > --- UTILITY (5) ------ (None) > --- WEAPON (4) ------- (None) > --- INVENTORY (5) ---- Aluminum Leg Peak State ------------ > --- POWER ------------ Deuterium Engine Fusion Compressor > --- PROPULSION ------- Armored Huge Wheel Centrium Wheel Centrium Wheel > --- UTILITY ---------- Coolant Injector Large Storage Unit Core Analyzer Energy Filter Weapon Cycler > --- WEAPON ----------- Improved Spread Laser Improved Spread Laser Improved EM Pulse Cannon > --- INVENTORY -------- Aluminum Leg Carbon-fiber Leg Flexi-carbon Leg Wheel Wheel Arc Projector Pulse Rifle Improved EM Pulse Cannon Gauss Rifle Gauss Rifle [Rating: 64] Favorites ----------- Power Reinforced Deuterium Engine Engine Reinforced Deuterium Engine Power Core Light Nuclear Core Propulsion Aluminum Leg Leg Aluminum Leg Wheel Wheel Utility Large Storage Unit Device Improved Cooling System Storage Large Storage Unit Processor Core Analyzer Protection Layered Light Armor Plating Weapon Improved Spread Laser Energy Gun Improved Spread Laser Energy Cannon Improved EM Pulse Cannon Ballistic Gun Autogun Slashing Weapon Katana Build | -11 -10 -9 -8 -7 -6 -6 ------- Run | Yrd Mat Mat Mat Fac Fac DSF Slots Evolved 8 | . . 2 2 2 2 . Power 1 | . . . . . 1 . Propulsion 2 | . . 1 . 1 . . Utility 3 | . . 1 1 1 . . Weapon 2 | . . . 1 . 1 . Parts Attached 133 | 7 7 16 35 49 1 18 Power 17 | 2 . 1 4 5 1 4 Engine 11 | 2 . 1 3 4 . 1 Core 6 | . . . 1 1 1 3 Reactor . | . . . . . . . Propulsion 35 | 2 1 4 9 15 . 4 Treads . | . . . . . . . Leg 17 | . . 1 5 9 . 2 Wheel 18 | 2 1 3 4 6 . 2 Hover . | . . . . . . . Flight . | . . . . . . . Utility 30 | 1 2 3 6 16 . 2 Device 17 | . . 1 3 12 . 1 Storage 3 | 1 1 . 1 . . . Processor 5 | . . . 2 2 . 1 Hackware . | . . . . . . . Protection 5 | . 1 2 . 2 . . Artifact . | . . . . . . . Weapon 51 | 2 4 8 16 13 . 8 Energy Gun 27 | . . 4 9 12 . 2 Energy Cannon 7 | . . . 2 1 . 4 Ballistic Gun 16 | 2 4 4 4 . . 2 Ballistic Cannon . | . . . . . . . Launcher . | . . . . . . . Special Weapon . | . . . . . . . Impact Weapon . | . . . . . . . Slashing Weapon 1 | . . . 1 . . . Piercing Weapon . | . . . . . . . Special Melee Weapon . | . . . . . . . Unidentified Prototypes 6 | . . 1 4 1 . . Corrupted Parts 3 | . . . 1 1 . 1 System Corruption 4 | . . . 1 1 . 2 Parts Lost 57 | . . . 9 22 . 26 Power 7 | . . . 2 2 . 3 Propulsion 15 | . . . 2 6 . 7 Utility 16 | . . . 2 9 . 5 Weapon 19 | . . . 3 5 . 11 Highest Loss Streak 19 | . . . 6 9 . 19 To Critical Strikes 1 | . . . 1 . . . Average Slot Usage (%) 92 | . 99 97 96 94 67 47 Engine 6 | . 14 10 4 6 6 2 Core 1 | . . . 4 . 1 3 Leg 16 | . . 11 15 21 . . Wheel 10 | . 28 20 10 6 20 5 Device 12 | . . 5 13 15 13 13 Storage 8 | . 14 11 9 7 6 4 Processor 5 | . . . 8 6 . 3 Protection 6 | . 13 16 3 5 . . Energy Gun 16 | . . 6 18 22 13 6 Ballistic Gun 4 | . 28 15 5 . . . Peak Build Rating 64 | 6 11 16 38 62 56 64 Average Rating 34 | 4 8 15 30 45 52 30 On Entrance 25 | . 6 11 16 38 51 56 Naked Turns 3 | . . . . . . 3 Heaviest Build 57 | 13 28 35 37 54 51 57 Greatest Support 60 | 32 32 26 45 60 60 60 Greatest Overweight (x) 9 | 3 1 1 2 2 . 9 Average Overweight (x) . | . . . . . . 1 Largest Inventory Capacity 15 | 8 10 10 15 15 15 15 Average Capacity 13 | 7 8 10 11 15 15 12 Most Carried 15 | 7 10 10 15 15 10 10 Average Carried 11 | 2 8 9 10 14 10 5 Final Capacity 15 | 8 10 10 15 15 15 5 Final Carried 15 | 7 10 10 15 10 10 1 Class Distribution -------------------- 42% | Scavenger-Gunner 28% | Mutant 28% | Gunner Dominant Class ---------------- Mutant | -10/Materials Mutant | -9/Materials Gunner | -8/Materials Scavenger-Gunner | -7/Factory Gunner | -6/Factory Mutant | -6/DSF Resources | -11 -10 -9 -8 -7 -6 -6 ----------- Run | Yrd Mat Mat Mat Fac Fac DSF Matter Collected 2102 | 290 232 333 567 502 . 178 Remotely 258 | . . . 111 147 . . Salvage Created 4936 | 60 358 563 1373 2396 . 186 Parts 258 | 2 30 39 65 116 . 6 Haulers Intercepted 5 | . 1 . 2 2 . . Recyclers Shooed 5 | . . 1 . 4 . . Parts Field Recycled . | . . . . . . . Retrieved Matter . | . . . . . . . Parts Self-Destructed . | . . . . . . . Prevented . | . . . . . . . Kills | -11 -10 -9 -8 -7 -6 -6 ------- Run | Yrd Mat Mat Mat Fac Fac DSF Combat Hostiles Destroyed 82 | . 8 13 24 34 . 3 Guns 74 | . 8 13 21 30 . 2 Cannons 4 | . . . 2 1 . 1 AOE 4 | . . . 1 3 . . Classes Destroyed 16 | 1 5 2 4 4 . . Worker 9 | . . 1 2 6 . . Builder 3 | . . . 1 2 . . Hauler 5 | . 1 . 2 2 . . Recycler 12 | 1 . . . 11 . . Operator 3 | . 1 1 . 1 . . Watcher 10 | . 2 2 4 2 . . Swarmer 19 | . 3 4 3 9 . . Grunt 38 | . 5 7 13 11 . 2 Brawler 2 | . . . 1 1 . . Duelist 4 | . . . 1 3 . . Protector 1 | . . . . 1 . . Sentry 9 | . . 2 5 2 . . Specialist 3 | . . . . 2 . 1 Hunter 3 | . . . 1 2 . . Programmer 2 | . . . . 2 . . Heavy 1 | . . . . 1 . . Best Kill Streak 7 | 1 3 6 7 7 . 1 Combat Bots Only 6 | . 3 6 4 5 . 1 Max Kills in Single Turn 3 | 1 1 2 2 3 . 1 Gunslinging . | . . . . . . . Exploded 2 | . . . 1 2 . . Melee . | . . . . . . . Uniques/NPCs Destroyed . | . . . . . . . Combat | -11 -10 -9 -8 -7 -6 -6 -------- Run | Yrd Mat Mat Mat Fac Fac DSF Hostile Shots Fired 707 | . 46 34 152 273 . 202 Missed 219 | . 14 12 48 74 . 71 Damage Taken 8570 | . 280 284 1346 3657 . 3003 Core 1675 | . 15 34 219 546 . 861 Absorbed by Shields . | . . . . . . . Redirected to Shielding 63 | . . . . 63 . . Regen/Repaired (Parts) 63 | . . 63 . . . . Core Remaining (%) 73 | 100 94 91 60 22 . . Volleys Fired 284 | 5 38 45 73 98 . 25 Largest 4 | 2 2 2 3 3 . 4 Hottest 282 | 40 46 100 197 219 . 282 Shots Fired 656 | 10 76 77 191 258 . 44 Gun 617 | 10 76 77 178 251 . 25 Cannon 39 | . . . 13 7 . 19 Launcher . | . . . . . . . Special . | . . . . . . . Kinetic 202 | 10 76 45 64 . . 7 Thermal 296 | . . . 74 196 . 26 Explosive . | . . . . . . . Electromagnetic 158 | . . 32 53 62 . 11 Robot Hit Streak 18 | 3 9 9 17 18 . 8 Robot Miss Streak 12 | 3 3 5 4 12 . 6 Penetration Max . | . . . . . . . Secondary Targets 5 | . . . 1 4 . . Max Gunslinging Chain 1 | . . . 1 1 . . Shots Hit Robots 437 | 6 45 39 132 184 . 31 Core Hits 316 | 2 17 22 68 193 . 14 Critical Kills 1 | . . . 1 . . . Critical Parts Destroyed . | . . . . . . . Critical Strikes 15 | . . . 9 4 . 2 Burn 13 | . . . 8 3 . 2 Destroy 1 | . . . 1 . . . Corrupt 1 | . . . . 1 . . Melee Attacks 2 | . . . 2 . . . Impact . | . . . . . . . Slashing 2 | . . . 2 . . . Piercing . | . . . . . . . Sneak Attacks . | . . . . . . . Combat Hostiles . | . . . . . . . Follow-up Attacks . | . . . . . . . Damage Inflicted 8760 | 58 520 718 2735 3931 . 798 Guns 7412 | 58 520 712 2336 3395 . 391 Cannons 605 | . . . 124 74 . 407 Explosions 696 | . . . 240 456 . . Melee 33 | . . . 33 . . . Ramming 14 | . . 6 2 6 . . Kinetic 1671 | 58 520 349 630 . . 114 Thermal 4881 | . . . 1264 3142 . 475 Explosive . | . . . . . . . Electromagnetic 2161 | . . 363 806 783 . 209 Impact . | . . . . . . . Slashing 33 | . . . 33 . . . Piercing . | . . . . . . . Highest Corruption 21 | . . . 1 21 . 2 Average Corruption 7 | . . . 1 9 . 2 Corruption Purged . | . . . . . . . Corruption Blocked . | . . . . . . . Effects 90 | . . . 4 81 . 5 Message Errors 25 | . . . 1 22 . 2 Matter Fused 16 | . . . 1 14 . 1 Heat Flow Errors 8 | . . . . 8 . . Energy Discharges 7 | . . . 1 6 . . Parts Rejected 1 | . . . . . . 1 Parts Fused 1 | . . . . 1 . . Data Loss (minor) 11 | . . . . 11 . . Data Loss (major) 3 | . . . . 3 . . Misfires 6 | . . . 1 4 . 1 Alerts 5 | . . . . 5 . . Misdirections 2 | . . . . 2 . . Weapon Failures 5 | . . . . 5 . . Overload Shots . | . . . . . . . Overflow Damage 47 | . . . 19 11 . 17 Projectiles 17 | . . . . . . 17 Explosions 30 | . . . 19 11 . . Melee . | . . . . . . . Knockbacks . | . . . . . . . Impact . | . . . . . . . Kinetic . | . . . . . . . Secondary . | . . . . . . . Self-Inflicted Damage 284 | . . 3 85 196 . . Shots 6 | . . . 2 4 . . Rammed 2 | . . 2 . . . . Targets Rammed 5 | . . 2 1 2 . . Kicked 3 | . . . 1 2 . . Crushed . | . . . . . . . Highest Temperature 474 | . 19 42 289 474 . 198 Average Temperature 72 | . 6 16 74 94 . 80 Received Heat Transfer 1965 | . 48 135 441 384 . 957 Effects 3 | . . . . 3 . . Shutdowns 1 | . . . . 1 . . Interference 2 | . . . . 2 . . Siege Activations . | . . . . . . . Robots Corrupted . | . . . . . . . Combat Hostiles . | . . . . . . . Parts Fried 1 | . . . 1 . . . Impact Corruptions . | . . . . . . . Robots Melted 1 | . . . 1 . . . Combat Hostiles . | . . . . . . . Parts Melted 8 | . . . 6 2 . . Heat Transferred 7177 | . . . 2553 3897 . 727 Parts Sabotaged . | . . . . . . . Parts Stolen . | . . . . . . . Parts Stripped . | . . . . . . . Power Chain Reactions 8 | . . . 4 4 . . Alert | -11 -10 -9 -8 -7 -6 -6 ------- Run | Yrd Mat Mat Mat Fac Fac DSF Peak Influence 707 | 5 271 381 707 651 292 247 Initial 285 | . 3 114 160 253 285 207 Average 318 | 3 107 204 483 332 290 205 Maximum Alert Level 3 | . 1 1 3 2 1 1 Low Security (%) 28 | 100 73 52 8 21 . 36 Level 1 39 | . 26 47 11 48 100 63 Level 2 31 | . . . 78 29 . . Level 3 . | . . . . . . . Level 4 . | . . . . . . . Level 5 . | . . . . . . . High Security . | . . . . . . . Max Security . | . . . . . . . Squads Dispatched 18 | . 2 2 4 8 1 1 Investigation 3 | . 1 . . 1 1 . Extermination 3 | . . . . 3 . . Reinforcement 11 | . 1 2 3 4 . 1 Assault 1 | . . . 1 . . . Garrison . | . . . . . . . Intercept . | . . . . . . . Searches Triggered . | . . . . . . . Construction Impeded 2 | . . . 1 1 . . Haulers Reinforced 1 | . . . . 1 . . Active Scanning Responses . | . . . . . . . Cargo Convoy Interrupts 1 | . . . . 1 . . Stealth | -11 -10 -9 -8 -7 -6 -6 --------- Run | Yrd Mat Mat Mat Fac Fac DSF Distress Signals 10 | . 1 2 6 1 . . Communications Jammed . | . . . . . . . Distress Signals . | . . . . . . . Times Spotted 140 | . 13 22 38 47 . 20 Peak Tracking Total 7 | . 4 5 7 5 . 7 Tactical Retreats 13 | . . 3 1 3 . 6 Traps | -11 -10 -9 -8 -7 -6 -6 ------- Run | Yrd Mat Mat Mat Fac Fac DSF Traps Triggered 5 | . 1 . . 3 . 1 Indirectly . | . . . . . . . Trap Hack Attempts . | . . . . . . . Triggered . | . . . . . . . Disarmed . | . . . . . . . Reprogrammed . | . . . . . . . Reused . | . . . . . . . Traps Extracted . | . . . . . . . Installed . | . . . . . . . Triggered 4 | . . . . 4 . . Machines | -11 -10 -9 -8 -7 -6 -6 ---------- Run | Yrd Mat Mat Mat Fac Fac DSF Machines Disabled 2 | . . 1 1 . . . Max in Single Turn 1 | . . 1 1 . . . Machines Repaired . | . . . . . . . Machines Dismantled . | . . . . . . . Machines Sabotaged . | . . . . . . . Overloaded Fab Kills . | . . . . . . . Hacking | -11 -10 -9 -8 -7 -6 -6 --------- Run | Yrd Mat Mat Mat Fac Fac DSF Machines Accessed 28 | . 2 7 6 11 2 . Terminals 15 | . 2 4 3 4 2 . Fabricators 1 | . . . . 1 . . Repair Stations 6 | . . 2 1 3 . . Recycling Units 3 | . . . 2 1 . . Scanalyzers 2 | . . 1 . 1 . . Garrison Access 1 | . . . . 1 . . Total Hacks 86 | . 7 24 16 28 11 . Successful 45 | . 1 16 7 14 7 . Failed 40 | . 6 8 9 14 3 . Catastrophic 7 | . 1 2 1 3 . . Database Lockouts 1 | . . . . . 1 . Manual 7 | . . 2 3 2 . . Terminals 45 | . 7 12 6 9 11 . Fabricators 4 | . . . . 4 . . Repair Stations 17 | . . 6 4 7 . . Recycling Units 7 | . . . 6 1 . . Scanalyzers 12 | . . 6 . 6 . . Garrison Access 1 | . . . . 1 . . Terminal Hacks 15 | . 1 3 1 3 7 . Record 7 | . . . . 1 6 . Robot Analysis 1 | . . . . 1 . . Open DSF 2 | . . . . 1 1 . Branch Access Points 1 | . 1 . . . . . Emergency Access Points 1 | . . 1 . . . . Maintenance Status 1 | . . . 1 . . . Investigation Status 1 | . . 1 . . . . Hauler Manifests 1 | . . 1 . . . . Fabricator Hacks 3 | . . . . 3 . . Network Status 2 | . . . . 2 . . Build 1 | . . . . 1 . . Repair Station Hacks 9 | . . 6 1 2 . . Scan Component 6 | . . 3 1 2 . . Repair 3 | . . 3 . . . . Recycling Unit Hacks 5 | . . . 4 1 . . Report Inventory 3 | . . . 2 1 . . Retrieve Components 2 | . . . 2 . . . Scanalyzer 11 | . . 6 . 5 . . Insert Component 6 | . . 3 . 3 . . Analyze 5 | . . 3 . 2 . . Garrison Access Hacks . | . . . . . . . Unauthorized Hacks 2 | . . 1 1 . . . Terminals 2 | . . 1 1 . . . Botnet 2 | . . 1 1 . . . Fabricators . | . . . . . . . Repair Stations . | . . . . . . . Recycling Units . | . . . . . . . Scanalyzers . | . . . . . . . Garrison Access . | . . . . . . . Data Cores Recovered 1 | . . . . 1 . . Used . | . . . . . . . Hacking Detections 24 | . 2 6 5 9 2 . Full Trace Events 3 | . . 1 . 1 1 . Feedback Events . | . . . . . . . Feedback Blocked . | . . . . . . . Robot Schematics Acquired . | . . . . . . . Robots Built . | . . . . . . . Authchips . | . . . . . . . Time . | . . . . . . . Total Robot Build Rating . | . . . . . . . Part Schematics Acquired 5 | . . 3 . 2 . . Parts Built 2 | . . . . 2 . . Authchips . | . . . . . . . Time 117 | . . . . 117 . . Total Part Build Rating 14 | . . . . 14 . . Parts Repaired 3 | . . 3 . . . . Time 78 | . . 78 . . . . Parts Recycled . | . . . . . . . Recycled Matter . | . . . . . . . Retrieved Matter . | . . . . . . . Retrieved Components 13 | . . . 13 . . . Parts Scanalyzed 5 | . . 3 . 2 . . Part Schematics Acquired 5 | . . 3 . 2 . . Parts Damaged . | . . . . . . . Bothacking | -11 -10 -9 -8 -7 -6 -6 ------------ Run | Yrd Mat Mat Mat Fac Fac DSF Used RIF Installer . | . . . . . . . Robots Hacked . | . . . . . . . Non-combat . | . . . . . . . Combat . | . . . . . . . Robot Hacks Applied . | . . . . . . . Relay Couplers Released . | . . . . . . . Fabnet Peak Effective % . | . . . . . . . Robots Rewired . | . . . . . . . Allies Hacked . | . . . . . . . Hacks Repelled . | . . . . . . . Allies | -11 -10 -9 -8 -7 -6 -6 -------- Run | Yrd Mat Mat Mat Fac Fac DSF Total Allies . | . . . . . . . Largest Group . | . . . . . . . Highest-Rated Group . | . . . . . . . Highest-Rated Ally . | . . . . . . . Total Orders . | . . . . . . . Ally Attacks . | . . . . . . . Total Damage . | . . . . . . . Kills . | . . . . . . . Allies Corrupted . | . . . . . . . Allies Melted . | . . . . . . . Intel | -11 -10 -9 -8 -7 -6 -6 ------- Run | Yrd Mat Mat Mat Fac Fac DSF Robot Analysis Total 1 | . . . . 1 . . Derelict Logs Recovered . | . . . . . . . Drone Launches . | . . . . . . . Drone Recoveries . | . . . . . . . Exploration | -11 -10 -9 -8 -7 -6 -6 ------------- Run | Yrd Mat Mat Mat Fac Fac DSF Turns Passed 4547 | 81 326 519 898 2417 41 265 Spaces Moved 2645 | 45 190 301 481 1448 43 137 Core 63 | 10 . . . . . 53 Treads . | . . . . . . . Legs 1359 | . . . 319 1032 . 8 Wheels 1223 | 35 190 301 162 416 43 76 Hover . | . . . . . . . Flight . | . . . . . . . Fastest Speed 50 | 50 90 90 83 93 93 50 Average Speed 122 | 110 100 100 109 134 93 128 Slowest Speed 500 | 200 105 115 260 260 93 500 Overloaded Moves . | . . . . . . . Propulsion Burnouts . | . . . . . . . Robots Hopped . | . . . . . . . Cave-ins Triggered 1 | . . . . 1 . . Exploration Rate (%) 29 | 4 29 31 47 35 1 62 Regions Visited 6 Branch Regions . Pre-discovered Areas . | . . . . . . . Known Exits Taken 1 | . . . . . 1 . Unknown Exits Taken 5 | 1 1 1 1 1 . . Scrap Searched . | . . . . . . . Spaces Dug . | . . . . . . . Terrain Destroyed 25 | . . . 12 12 . 1 Melee . | . . . . . . . Projectile 1 | . . . . . . 1 AOE 24 | . . . 12 12 . . Terrain Rammed . | . . . . . . . Walls Destroyed . | . . . . . . . Machines Disabled . | . . . . . . . Actions | -11 -10 -9 -8 -7 -6 -6 --------- Run | Yrd Mat Mat Mat Fac Fac DSF Total 3437 | 63 257 445 718 1719 43 192 Wait 204 | . 3 72 73 55 . 1 Move 2639 | 44 189 300 480 1447 42 137 Hop . | . . . . . . . Pick Up 88 | 7 11 4 29 34 . 3 Fast Attach 35 | 6 1 5 6 10 1 6 Attach 50 | . . 4 10 24 . 12 Detach 8 | . . 2 1 5 . . Swap 48 | 1 6 7 19 15 . . Drop 65 | . 9 4 24 28 . . Fire 284 | 5 38 45 73 98 . 25 Melee 2 | . . . 2 . . . Ram 3 | . . 2 . 1 . . Kick 3 | . . . 1 2 . . Crush . | . . . . . . . Escape Stasis 8 | . . . . . . 8 Rewire . | . . . . . . . Trap . | . . . . . . . Miscellaneous . | . . . . . . . Route ------- -11/Scrapyard -10/Materials (discovered 2 exits: *Mat / Min) -9/Materials -8/Materials -7/Factory -6/Factory -6/DSF History --------- Turn | Location | Event 2 | -11/Scrapyard | Met Revision 17 12 | -11/Scrapyard | Discovered new exit (range 16) 82 | -11/Scrapyard | Entered Materials 174 | -10/Materials | Identified exit to Mines 305 | -10/Materials | Build established: Mutant 337 | -10/Materials | Discovered new exit (range 15) 408 | -10/Materials | Entered another Materials area 408 | -9/Materials | Evolved 2 slots: Propulsion x1, Utility x1 529 | -9/Materials | Repaired Wheel 725 | -9/Materials | Repaired Ion Engine 752 | -9/Materials | Repaired Wheel 913 | -9/Materials | Discovered new exit (range 15) 927 | -9/Materials | Entered another Materials area 927 | -8/Materials | Evolved 2 slots: Utility x1, Weapon x1 1302 | -8/Materials | Lost 6 parts (1p2n1u2w) 1574 | -8/Materials | Build established: Gunner 1727 | -8/Materials | First assault squad dispatched 1791 | -8/Materials | Discovered new exit (range 14) 1825 | -8/Materials | Entered Factory 1825 | -7/Factory | Evolved 2 slots: Propulsion x1, Utility x1 2088 | -7/Factory | Lost 6 parts (2n3u1w) 2620 | -7/Factory | Build established: Scavenger-Gunner 2761 | -7/Factory | System corruption reached 10% 2988 | -7/Factory | Cargo convoy interrupted 3431 | -7/Factory | Lost 3 parts (3n) 3716 | -7/Factory | Fabricated Centrium Wheel (x2) 4138 | -7/Factory | Discovered new exit (range 14) 4159 | -7/Factory | Core integrity fell below 50% 4184 | -7/Factory | Crushed by falling debris 4242 | -7/Factory | Entered another Factory area 4242 | -6/Factory | Evolved 2 slots: Power x1, Weapon x1 4250 | -6/Factory | Central database locked down 4262 | -6/Factory | Lost 9 parts (2p4u3w) 4283 | -6/Factory | Identified exit to DSF 4283 | -6/Factory | Entered DSF 4295 | -6/DSF | Build established: Gunner 4319 | -6/DSF | Additional patrols routed to DSF 4470 | -6/DSF | Core integrity fell below 50% 4500 | -6/DSF | Lost 19 parts (2p5n4u8w) 4534 | -6/DSF | Core integrity fell below 20% 4548 | -6/DSF | Destroyed by G-67 Veteran with Plasma Rifle Last Messages --------------- 04464_ Arc Projector destroyed. 04465_ Carbon-fiber Leg destroyed. 04467_ G-50 Soldier misfires. 04469_ Coolant Injector destroyed. 04469_ Lrg. Storage Unit destroyed. 04473_ Acquired 16 matter. 04481_ Acquired Hvy. Phase Cannon. 04500_ Destroyed Hvy. Laser. 04502_ G-50 Soldier destroyed. 04507_ Hvy. Phase Cannon destroyed. 04508_ H-61 Shepherd misfires. 04508_ Hvy. Phase Cannon destroyed. 04513_ Acquired Lgt. Nuclear Core. 04526_ System corrupted: Lgt. Nuclear Core rejected. 04529_ Lgt. Nuclear Core destroyed. 04530_ Weapon Cycler destroyed. 04539_ G-50 Soldier destroyed. 04540_ Hvy. Phase Cannon destroyed. 04543_ Acquired Lgt. Nuclear Core. Map ----- +----------------------------------------------------+ | ??????#"""""###%##### !!! #??????????????????? | | ??????#"%%%%##!!#!!!#% !!" # #//#???????????? | | ???#"##" %%% % "%" ?????????? | | ???#"""" = % " ????????? | | ???####"" [[""!!#!!!##" ### #//## ?????????? | | ??????### ###!!#!!!##" ##??? #??????????????? | | ???????## ##########!! #??????????????????? | | ???????# !!#???????!! #??????????????????? | | ???????# !!#???????!! #??????????????????? | | ???????## ^###???????## ###??????????????????? | | ???????#! !!#????????! !!#??????????????????? | | ???????#! !!#????????! !!#??????????????????? | | ???????#! !!#????????! !!#??????????????????? | | ??????##" ##########?# ###?###??????????????? | | ??????# "# #!!!### ##?===#??!#??????????? | | ??????# "" #!!!## A A##===#!!!##?????????? | | ??????# %= ?????????? | | ??????# ^^ ????????? | | ?????#" % ^ ?????????? | | ??????# ##!!!# ## A##!!!#??????????????? | | ??????# ##!!!#]]]### ##???????????????????? | | ??????################# ###??????????????????? | | ????????????????????#!! ==#??????????????????? | | ????????????????????#!!*%===#??????????????????? | | ????????????????????#!!gggH=#??????????????????? | | ????????????????????###@ ;##??????????????????? | | ????????????????????# * #??????????????????? | | ????????????????????# *#??????????????????? | | ????????????????????# **#??????????????????? | | ????????????????????### ###??????????????????? | | ??????????????????????# #????????????????????? | | ????????????????????? ????????????????????? | | ????????????????????# ???????????????????? | | ????????????????????#!! #??????????????????? | | ????????????????????#!! #??????????????????? | | ????????????????????#########??????????????????? | | ???????????????????????????????????????????????? | | ???????????????????????????????????????????????? | | ???????????????????????????????????????????????? | | ???????????????????????????????????????????????? | | ???????????????????????????????????????????????? | | ???????????????????????????????????????????????? | | ???????????????????????????????????????????????? | | | | | | | | | | | | | | | +----------------------------------------------------+ Best States ------------- Heat Dissipation 75 Coolant Potential 65 Energy Generation 34 Energy Capacity 290 Matter Stores 300 Matter Capacity 300 Sight Range 16 Terrain Scan Density 10 Power Amplification 20 Armor Coverage 450 Utility Shielding 66 Weapon Cycling 15 Evasion (%) 55 Targeting Accuracy 8 Core Analysis 6 Energy Filtering 30 Particle Charging 15 Item Schematics ----------------- Aluminum Leg | -9/Materials | Scanalyzed Ion Engine | -9/Materials | Scanalyzed Hvy. Assault Rifle | -9/Materials | Scanalyzed Minigun | -7/Factory | Scanalyzed Imp. Cooling System | -7/Factory | Scanalyzed Robot Schematics ------------------ None Fabricated ------------ Centrium Wheel | x2 | -7/Factory | Preloaded Alien Tech Used ----------------- None Achievements -------------- Hey, That's Mine! Challenges ------------ None Game ------ Seed DisassembledImpulseTerrabomb Manual? 0 Play Time 01:42:05 Cumulative 22.9 hours Start 2024.12.13 @ 19:00:45 End 2024.12.13 @ 21:13:31 Sessions 1 Manual Loads 0 Difficulty Rogue Special Mode None Game No. 29 Rogue 29 Adventurer 0 Explorer 0 Win Type - Total 0 Types 0/0/0/0/0/0/0/0/0 Lore% 13 Gallery% 22 Achievement% 23 Wizard Run 0 Options --------- Layout 1 ASCII 0 Keyboard 0 Movement Mouse Keybinds 0 Fullscreen 1 Font 24/Smallcaps Map View 50x35 Zoom Use 0% Tactical HUD 1 Map Filters NONE Filters NONE Steam 1 RUN: 2b994e68-e2cf-482f-b502-6546e508b794